 Dungeon Crawl Stone Soup version 0.28.0-47-ge53b351184 (webtiles) character file.

Game seed: 15367044147597710742

5317 hawla the Summoner (level 10, -18/38 HPs)
             Began as a Felid Earth Elementalist on May 6, 2022.
             Was an Elder of Vehumet.
             Demolished by a centaur warrior simulacrum (27 damage)
             ... on level 10 of the Dungeon on May 7, 2022.
             The game lasted 00:57:32 (15926 turns).

hawla the Summoner (Felid Earth Elementalist)      Turns: 15926, Time: 00:57:33

Health: -18/38     AC:  4    Str: 12    XL:     10   Next: 37%
Magic:  18/18      EV: 23    Int: 19    God:    Vehumet [****..]
Gold:   423        SH:  0    Dex: 19    Spells: 1/19 levels left
                                        Lives:  0   Deaths: 3

rFire   . . .      SeeInvis +     - Unarmed
rCold   . . .      Faith    .   (shield unavailable)
rNeg    + . .      Spirit   .   (armour unavailable)
rPois   +          Reflect  .   (helmet unavailable)
rElec   .          Harm     .   (cloak unavailable)
rCorr   .          Rampage  .   (gloves unavailable)
Will    .....                   (boots unavailable)
Stlth   ++++......              d - amulet of regeneration
HPRegen 0.92/turn               q - ring "Uphufrayce" {+Blink rPois rN+ Will- Str+6}
MPRegen 0.16/turn               b - ring of wizardry

@: quick
A: very small, claws 1, fangs 3, see invisible, speed 1, shaggy fur 2, stealthy
paws, no weapons or thrown items, no armour, multi-lived, iridescent scales 1,
thin skeletal structure 1, frail 1
a: Renounce Religion, Evoke Blink


You were on level 10 of the Dungeon.
You worshipped Vehumet.
Vehumet was greatly pleased with you.
You visited 2 branches of the dungeon, and saw 11 of its levels.

You collected 446 gold pieces.
You spent 23 gold pieces at shops.

Inventory:

Missiles
 j - 172 stones
Jewellery
 a - a ring of poison resistance
 b - a ring of wizardry (right paw)
 c - an amulet of magic regeneration
 d - an amulet of regeneration (around neck)
 k - a +4 ring of evasion
 q - the ring "Uphufrayce" (left paw) {+Blink rPois rN+ Will- Str+6}
   (You found it on level 8 of the Dungeon)

   [ring of positive energy]

   Str:       It affects your strength (+6).
   rPois:     It protects you from poison.
   rN:        It protects you from negative energy.
   +Blink:    It lets you blink.
   Will:      It decreases your willpower.
Scrolls
 r - 2 scrolls of magic mapping
 u - a scroll of fog
 w - a scroll of summoning
 x - a scroll of fear
Potions
 e - a potion of resistance
 f - 2 potions of invisibility
 g - a potion of cancellation
 h - 3 potions of attraction {unknown}
 m - 2 potions of curing
 n - 2 potions of haste {unknown}
 o - a potion of lignification
 p - a potion of heal wounds
 s - a potion of berserk rage
 t - a potion of mutation
 v - a potion of flight {unknown}


   Skills:
 - Level 4.7 Fighting
 - Level 8.0 Dodging
 - Level 3.2 Stealth
 - Level 5.4 Unarmed Combat
 - Level 5.0 Spellcasting
 - Level 4.8 Conjurations
 - Level 2.2 Hexes
 + Level 10.5 Summonings
 - Level 4.5 Necromancy
 - Level 2.0 Translocations
 - Level 1.1 Transmutations
 - Level 7.8 Earth Magic


You had one spell level left.
You knew the following spells:

 Your Spells              Type           Power      Damage    Failure   Level
a - Sandblast             Erth           68%        2d15      1%          1
b - Stone Arrow           Conj/Erth      56%        3d10      1%          3
c - Apportation           Tloc           24%        N/A       2%          1
d - Call Canine Familiar  Summ           44%        N/A       1%          3
e - Summon Guardian Gole  Hex/Summ       29%        N/A       1%          3
f - Summon Hydra          Summ           22%        N/A       45%         7

Your spell library contained the following spells:

 Spells                   Type           Power      Damage    Failure   Level
 Fireball                 Conj/Fire      6%         3d5       13%         5
 Animate Skeleton         Necr           44%        N/A       1%          1
 Pain                     Necr           88%        1d8       1%          1
 Summon Small Mammal      Summ           100%       N/A       1%          1
 Passwall                 Tmut/Erth      17%        N/A       1%          2
 Sublimation of Blood     Necr           22%        N/A       1%          2
 Wereblood                Tmut           8%         N/A       4%          2
 Gell's Gravitas          Tloc           12%        N/A       6%          3
 Lesser Beckoning         Tloc           12%        N/A       6%          3
 Teleport Other           Tloc           12%        N/A       6%          3
 Petrify                  Tmut/Erth      21%        N/A       9%          4
 Agony                    Necr           22%        N/A       21%         5
 Malign Gateway           Summ/Tloc      14%        N/A       95%         7
 Summon Horrible Things   Summ           22%        N/A       98%         8
 Excruciating Wounds      Necr           Unusable   N/A       N/A         5

Dungeon Overview and Level Annotations

Branches:
Dungeon (10/15)            Temple (1/1) D:4
   Lair: D:8-11         Orc: D:9-12

Altars:
Ashenzari
Cheibriados
Dithmenos
Elyvilon
Fedhas
Gozag
Kikubaaqudgha
Makhleb
Nemelex Xobeh
Okawaru
Qazlal
Ru
Sif Muna
Trog
Uskayaw
Vehumet
Wu Jian
Xom
Yredelemnul
Zin
The Shining One

Shops:
D:2 (   D:3 (


Innate Abilities, Weirdness & Mutations

You have sharp claws.
You have razor-sharp teeth.
You have supernaturally acute eyesight. (SInv)
You cover ground quickly. (Speed+)
You are covered in thick fur. (AC +2)
Your paws help you pounce on unaware monsters.
You are incapable of wielding weapons or throwing items.
You cannot wear armour.
You gain extra lives every three experience levels.
You are partially covered in iridescent scales. (AC +2)
You have a somewhat thin skeletal structure. (Dex +2, Stealth+)
You are frail. (-10% HP)


Message History

The white imp shouts!
The white imp misses you.
You scratch the white imp.
The white imp is heavily wounded.
The white imp completely misses you.
You closely miss the white imp. Your bite misses the white imp.
The white imp is heavily wounded.
You closely miss the white imp.
The white imp is heavily wounded.
The white imp hits you but does no damage.
You scratch the white imp but do no damage.
You bite the white imp.
The white imp is severely wounded.
The white imp hits you but does no damage.
You scratch the white imp but do no damage.
The white imp is severely wounded.
The white imp closely misses you.
You scratch the white imp.
You kill the white imp!
Vehumet accepts your kill.
No target in view!
Found a potion of degeneration.
A centaur warrior simulacrum comes into view.
A centaur warrior simulacrum is nearby!
A centaur warrior simulacrum is nearby!
You scratch the centaur warrior simulacrum but do no damage.
The centaur warrior simulacrum hits you but does no damage.
The centaur warrior simulacrum closely misses you.
You scratch the centaur warrior simulacrum.
The centaur warrior simulacrum is lightly damaged.
The centaur warrior simulacrum hits you!
The centaur warrior simulacrum freezes you!!
Ouch! That really hurt!
* * * LOW HITPOINT WARNING * * *
The centaur warrior simulacrum misses you.
The centaur warrior simulacrum hits you.
* * * LOW HITPOINT WARNING * * *
The centaur warrior simulacrum freezes you!!
Ouch! That really hurt!
You die...

.## ..# #.# #####.# ##
......## ..### #
#....# ##.....
##.##...##!..# ##
#.......Z@.# .#
##.##.....##########.#
#
#..###....#....##.###
.....#
####...........#
###### ###.......#.##
#.....8....#
#.##..(..#.#
#.###......# #.#
#......#


You could see a centaur warrior simulacrum.

Vanquished Creatures
  A hydra (D:7)
  Psyche (D:9)
  A hornet (D:6)
  A wyvern (D:9)
  14 yaks
  A vampire (D:9)
  Menkaure (D:4)
  2 steam dragons
  A water moccasin (D:7)
  A meliai simulacrum (D:10)
  2 orc warriors
  3 ice beasts (D:7)
  A black bear (D:7)
  3 ogres
  A centaur (D:9)
  A necrophage (D:4)
  2 phantoms (D:5)
  2 bullfrogs
  2 kobold brigands
  3 scorpions
  2 water moccasin zombies
  Dowan (D:7)
  7 killer bees
  12 wights
  A howler monkey (D:9)
  A jelly (D:5)
  2 centaur zombies (D:9)
  A bullfrog zombie (D:3)
  A gnoll shaman (D:4)
  6 orc priests
  3 hounds
  2 iguanas
  Jessica (D:3)
  Terence (D:2)
  7 orc wizards
  3 hell rats (D:7)
  2 killer bee zombies (D:8)
  A hound zombie (D:5)
  4 gnolls (D:4)
  4 adders
  6 river rats (D:7)
  A white imp (D:10)
  An ufetubus (D:3)
  4 dart slugs
  17 orcs
  7 ball pythons
  6 endoplasms
  5 giant cockroaches
  12 goblins
  3 hobgoblins
  4 jackals
  18 kobolds
  11 quokkas
  8 bats
  5 frilled lizards (D:2)
  17 rats
231 creatures vanquished.

Vanquished Creatures (collateral kills)
  A kobold brigand (D:8)
  3 wights
  3 howler monkeys (D:9)
  6 orc wizards (D:8)
  A howler monkey zombie (D:9)
  A white imp (D:6)
  8 orcs
  15 kobolds
  2 quokkas
  5 rats (D:7)
45 creatures vanquished.

Vanquished Creatures (others)
  A yak (D:9)
  Duvessa (D:7)
  A centaur (D:8)
  A kobold brigand (D:8)
  A wight (D:6)
  A kobold (D:8)
6 creatures vanquished.

Grand Total: 282 creatures vanquished

Notes
Turn   | Place    | Note
-------+----------+-------------------------------------------
     0 | D:1      | hawla the Felid Earth Elementalist began the quest for the
                  | Orb.
     0 | D:1      | Reached XP level 1. HP: 7/7 MP: 4/4
   120 | D:1      | Found a faded altar of an unknown god.
   200 | D:1      | Reached XP level 2. HP: 11/11 MP: 0/6
   668 | D:1      | Reached XP level 3. HP: 14/14 MP: 3/7
   715 | D:1      | Learned a level 3 spell: Stone Arrow
  1676 | D:2      | Found an ancient bone altar of Kikubaaqudgha.
  1686 | D:2      | Found Ismaj's Weapon Emporium.
  1836 | D:2      | Noticed Terence
  1873 | D:2      | Gained mutation: You are frail. (-10% HP) [potion of
                  | mutation]
  1873 | D:2      | Gained mutation: You have a somewhat thin skeletal
                  | structure. (Dex +2, Stealth+) [potion of mutation]
  1873 | D:2      | Gained mutation: You are partially covered in iridescent
                  | scales. (AC +2) [potion of mutation]
  2269 | D:2      | Killed Terence
  2270 | D:2      | Reached XP level 4. HP: 16/16 MP: 1/8
  2794 | D:3      | Reached skill level 1 in Conjurations
  2902 | D:3      | Learned a level 1 spell: Apportation
  3049 | D:3      | Reached skill level 1 in Unarmed Combat
  3135 | D:3      | Found Uqyan's Weapon Emporium.
  3143 | D:3      | Bought 21 stones for 23 gold pieces
  3282 | D:3      | Reached XP level 5. HP: 18/18 MP: 4/9
  3836 | D:3      | Noticed Jessica
  3841 | D:3      | Killed Jessica
  3872 | D:3      | Found a shimmering blue altar of Sif Muna.
  4164 | D:4      | Noticed an ogre
  4320 | D:4      | Gained mutation: You are covered in thick fur. (AC +2)
                  | [Felid growth]
  4320 | D:4      | Reached XP level 6. HP: 10/21 MP: 0/10
  4546 | D:4      | Killed from afar by an orc priest
  4547 | D:4      | Reached XP level 5. HP: -4/18 MP: 7/9
  4644 | D:4      | Reached skill level 5 in Earth Magic
  4845 | D:4      | Noticed Menkaure
  4856 | D:4      | Killed Menkaure
  4857 | D:4      | Reached XP level 6. HP: 21/21 MP: 0/10
  5240 | D:4      | Found a staircase to the Ecumenical Temple.
  5246 | Temple   | Entered the Ecumenical Temple
  5519 | Temple   | Became a worshipper of Vehumet
  5750 | D:4      | Reached skill level 1 in Translocations
  5794 | D:4      | Reached XP level 7. HP: 24/24 MP: 0/11
  6493 | D:4      | Learned a level 3 spell: Call Canine Familiar
  6499 | D:5      | Entered Level 5 of the Dungeon
  6948 | D:5      | Reached skill level 1 in Summonings
  6954 | D:5      | Reached * piety under Vehumet
  6954 | D:5      | Offered knowledge of Magic Dart by Vehumet.
  7320 | D:5      | Reached XP level 8. HP: 27/27 MP: 4/13
  7881 | D:6      | Reached skill level 2 in Summonings
  7984 | D:6      | Noticed a hornet
  8039 | D:5      | Mangled by a wight
  8040 | D:5      | Reached XP level 7. HP: -12/23 MP: 7/12
  8454 | D:6      | Learned a level 3 spell: Summon Guardian Golem
  8585 | D:6      | Killed a hornet
  8586 | D:6      | Reached skill level 1 in Hexes
  8586 | D:6      | Reached skill level 3 in Summonings
  8588 | D:6      | Reached skill level 5 in Unarmed Combat
  8588 | D:6      | Reached skill level 5 in Summonings
  8588 | D:6      | Reached XP level 8. HP: 32/32 MP: 0/13
  8914 | D:6      | Reached XP level 9. HP: 35/35 MP: 2/14
  9079 | D:6      | Reached skill level 6 in Summonings
  9313 | D:6      | Found an iron altar of Okawaru.
  9418 | D:6      | Found a sparkling altar of Nemelex Xobeh.
  9485 | D:6      | Found a basalt altar of Yredelemnul.
  9488 | D:6      | Found a stormy altar of Qazlal.
  9491 | D:6      | Found a glowing golden altar of the Shining One.
  9573 | D:7      | Noticed Dowan
  9576 | D:7      | Killed Dowan
  9604 | D:7      | Noticed Duvessa
 10456 | D:8      | Reached ** piety under Vehumet
 10474 | D:8      | Offered knowledge of Freeze by Vehumet.
 10512 | D:8      | Identified the ring "Uphufrayce" {+Blink rPois rN+ Will-
                  | Str+6}
 10785 | D:8      | Found an ancient bone altar of Kikubaaqudgha.
 11462 | D:7      | Offered knowledge of Mephitic Cloud by Vehumet.
 11535 | D:7      | Noticed an eight-headed hydra
 11656 | D:7      | Reached skill level 5 in Spellcasting
 11670 | D:7      | Learned a level 7 spell: Summon Hydra
 11714 | D:7      | Reached *** piety under Vehumet
 12022 | D:7      | Offered knowledge of Ignite Poison by Vehumet.
 12083 | D:7      | Reached XP level 10. HP: 37/38 MP: 5/18
 12325 | D:7      | Found a white marble altar of Elyvilon.
 12468 | D:7      | Killed an eight-headed hydra
 12469 | D:7      | Reached skill level 7 in Summonings
 12891 | D:7      | Killed Duvessa
 13128 | D:8      | Identified the +1 leather armour "Ere Poum" {SInv}
 13489 | D:8      | Reached skill level 8 in Summonings
 13767 | D:9      | Noticed Psyche
 13771 | D:9      | Killed Psyche
 14123 | D:9      | Reached **** piety under Vehumet
 14124 | D:9      | Reached skill level 9 in Summonings
 14298 | D:9      | Offered knowledge of Fireball by Vehumet.
 14424 | D:9      | Shot with an arrow by a centaur
 14425 | D:9      | Reached XP level 9. HP: -1/35 MP: 7/17
 14935 | D:9      | Reached XP level 10. HP: 38/38 MP: 18/18
 15366 | D:9      | Reached skill level 10 in Summonings
 15826 | D:10     | Entered Level 10 of the Dungeon
 15926 | D:10     | Demolished by a centaur warrior simulacrum

Illustrated notes

Levels and vault maps discovered:
D:1:      sevenhm_arrival_forest_fort_large_4, layout_basic,
          basic_ecumenical_altar, st_stairs_3, minivault_14, minmay_tromino_v7
D:2:      layout_basic, basic_altar, serial_shops,
          nicolae_shop_bloodbath_and_beyond, roderic_lattice_a, uniq_terence
D:3:      layout_basic, tgw_sif, serial_shops, shop
D:4:      layout_rooms, minmay_temple_entry_crystal_x,
          kennysheep_cluttered_room, amcnicky_mini_corridor_feature,
          uniq_menkaure
D:5:      layout_basic, minmay_misc_feat_room,
          hangedman_abyss_or_decor_jellyfish_corner
D:6:      layout_cave_pools, general_overflow_altar,
          kennysheep_okawaru_gauntlet, grunt_temple_overflow_diamond
D:7:      lemuel_ratsnest, layout_loops_ring, mainiacjoe_overflow_24_doors,
          uniq_duvessa
D:8:      layout_basic, mainiacjoe_overflow_paths
D:9:      layout_layer_cave, dk_rats_in_the_wall, uniq_psyche
D:10:     layout_rooms, lemuel_doored_altar, serial_ice, serial_ice_l,
          serial_ice_o, serial_ice_a, serial_ice_d, chequers_avenue,
          bh_walls_and_bars, uniq_sonja
Temple:   oiseaux_autumnal_temple

Skill      XL: |  1  2  3  4  5  6  7  8  9 10 |
---------------+-------------------------------+-----
Earth Magic    | 3 4 5 6 7 |  7.8
Dodging        | 3 7 4 8 |  8.0
Conjurations   | 1 2 3 4 |  4.8
Unarmed Combat | 1 5 2 |  5.4
Translocations | 2 |  2.0
Summonings     | 5 2 6 10 | 10.5
Stealth        | 3 |  3.2
Spellcasting   | 3 5 |  5.0
Hexes          | 1 2 |  2.2
Fighting       | 4 |  4.7
Necromancy     | 4 |  4.5
Transmutations | |  1.1

Action                   |  1- 3 |  4- 6 |  7- 9 | 10-12 || total
-------------------------+-------+-------+-------+-------++-------
Melee: Unarmed           |    27 |    16 |    84 |    23 ||   150
       Bite              |     3 |     1 |     9 |     5 ||    18
       Punch             |       |       |     2 |     1 ||     3
 Cast: Sandblast         |    34 |    28 |    82 |    24 ||   168
       Stone Arrow       |    20 |    57 |   109 |    66 ||   252
       Apportation       |       |     2 |       |       ||     2
       Call Canine Famil |       |       |    31 |    13 ||    44
       Summon Guardian G |       |       |    10 |    12 ||    22
 Abil: Evoke Blink       |       |       |       |     1 ||     1
  Use: Scroll            |     3 |     5 |     8 |     5 ||    21
       Potion            |     1 |       |     7 |       ||     8
 Stab: Sleeping          |     3 |     3 |     2 |       ||     8
Armor: Skin              |     4 |     4 |    11 |     7 ||    26
Dodge: Dodged            |    42 |    53 |   207 |    90 ||   392
